 Dungeon Crawl Stone Soup version 0.19.0-19-g8c6edcc (webtiles) character file.

27739 Monkfish the Unseen (level 13, -4/82 HPs)
             Began as a Kobold Berserker on Nov 12, 2016.
             Was a High Priest of Trog.
             Slain by a spiny frog (10 damage)
             ... on level 5 of the Lair of Beasts.
             The game lasted 00:23:01 (12413 turns).

Monkfish the Unseen (Kobold Berserker)             Turns: 12413, Time: 00:23:02

Health: -4/82      AC:  6    Str: 18    XL:     13   Next: 68%
Magic:  13/13      EV:  3    Int:  8    God:    Trog [*****.]
Gold:   1055       SH:  0    Dex: 16    Spells: 0 memorised, 12 levels left

rFire  . . .     SeeInvis .     d - +4 short sword (speed)
rCold  . . .     Gourm    .     y - +1 troll leather armour
rNeg   + + +     Faith    .     (shield restricted)
rPois  ∞         Spirit   .     r - +0 hat
rElec  .         Reflect  .     (no cloak)
rCorr  .         Harm     .     E - +0 pair of gloves
MR     ++...                    (no boots)
Stlth  ++++++++..               (no amulet)
                                u - +1 ring of slaying
                                j - ring of stealth

@: lethally poisoned (-4 -> -4), petrified, regenerating
A: carnivore 3
a: Berserk, Trog's Hand, Brothers in Arms, Burn Spellbooks, Renounce Religion


You were on level 5 of the Lair of Beasts.
You worshipped Trog.
Trog was extremely pleased with you.
You were full.

You visited 2 branches of the dungeon, and saw 16 of its levels.
You also visited: Ossuary.

You collected 1055 gold pieces.

Inventory:

Hand Weapons
 d - a +4 short sword of speed (weapon)
 m - the cursed +2 falchion "Worm" {freeze, Fragile MR+ Str+3 Stlth+}
   (You found it on level 4 of the Dungeon)

   It has been specially enchanted to freeze those struck by it, causing extra
   injury to most foes and up to half again as much damage against particularly
   susceptible opponents.
   It can also slow down cold-blooded creatures.
   It affects your strength (+3).
   It affects your resistance to hostile enchantments.
   It will be destroyed if unequipped.
   It makes you more stealthy.
   It has a curse placed upon it.
Missiles
 w - 6 needles of sleeping
Armour
 r - a +0 hat (worn)
 y - a +1 troll leather armour (worn)
 E - a +0 pair of gloves (worn)
Jewellery
 j - a ring of stealth (left hand)
 q - an uncursed ring of positive energy
 u - a +1 ring of slaying (right hand)
 D - an uncursed amulet of harm
Wands
 s - a wand of confusion (28/48)
 t - a wand of iceblast (15/15)
 x - a wand of flame (35/48)
 F - a wand of lightning (9/15)
Scrolls
 e - 4 scrolls of identify
 h - 4 scrolls of fog
 l - 5 scrolls of remove curse
 o - a scroll of recharging
 v - 4 scrolls of teleportation
 A - 2 scrolls of magic mapping
 B - 3 scrolls of blinking
 C - a scroll of holy word
 G - a scroll of fear
Potions
 a - 3 potions of flight
 b - a potion of agility
 g - 3 potions of heal wounds
 i - a potion of brilliance
 n - 2 potions of haste
 z - 3 potions of curing
Comestibles
 c - 7 meat rations
 f - 8 slices of pizza
 k - 4 beef jerkies
 p - a royal jelly


   Skills:
 + Level 10.2 Fighting
 + Level 13.7 Short Blades
 - Level 1.5 Armour
 * Level 8.7 Dodging
 + Level 20.7 Stealth


You had 12 spell levels left.
You didn't know any spells.

Dungeon Overview and Level Annotations

Branches:
Dungeon (11/15)            Temple (0/1) D:6            Lair (5/6) D:11
  Swamp (0/4) Lair:3        Snake (0/4) Lair:3          Orc (0/2) D:11
  Slime: Lair:5-6

Altars:
Cheibriados
Dithmenos
Fedhas
Kikubaaqudgha
Nemelex Xobeh
Qazlal
Xom
Zin

Shops:
D:7 ([[*

Annotations:
Lair:1 exclusion: hydra
Lair:4 exclusion: oklob plant


Innate Abilities, Weirdness & Mutations

You are small and have problems with some larger weapons.
You are carnivorous and can eat meat at any time.


Message History

The water moccasin bites you.
* * * LOW HITPOINT WARNING * * *
The catoblepas breathes a plume of calcifying dust at you.
The blast of calcifying dust hits you!
* * * LOW HITPOINT WARNING * * *
You are engulfed in calcifying dust.
The water moccasin bites you but does no damage.
The spiny frog stings you!
* * * LOW HITPOINT WARNING * * *
The catoblepas gores you!!
* * * LOW HITPOINT WARNING * * *
You are engulfed in calcifying dust.
The water moccasin bites you but does no damage.
The spiny frog stings you but does no damage.
The catoblepas breathes a plume of calcifying dust at you.
The blast of calcifying dust hits you!
* * * LOW HITPOINT WARNING * * *
The water moccasin barely misses you.
You are engulfed in calcifying dust.
The spiny frog stings you!!
You die...

..P..$......P .
...........##
...#...........#
.?.............P
...P#.........P.
....#.........P.
##.......Y......P.
.....#...F@.....P.
##.......S.§....P#
#....##.....§....#
.....##.........P#
#...............##
.#.............§.#
#.P.............##
#P...............#
##....#...P.#...##


You could see a catoblepas, a spiny frog and a water moccasin.

Vanquished Creatures
  Snorg (D:10)
  Harold (D:10)
  3 hydras
  Urug (D:10)
  The ghost of ilikecats the Slicer, a novice MiAs of Dithmenos (D:10)
  The ghost of MirrMurr the Unseen, a journeyman SpEn of Dithmenos (Lair:3)
  2 hill giants
  A faun (Lair:1)
  An ugly thing (D:10)
  An elephant (Lair:2)
  A gargoyle (D:9)
  A centaur skeleton (D:8)
  5 komodo dragons
  6 spiny frogs
  2 rime drakes
  2 trolls
  A polar bear (Lair:4)
  12 blink frogs
  A two-headed ogre (D:8)
  A hippogriff (Lair:4)
  2 dream sheep (D:9)
  7 yaks
  4 wyverns
  2 basilisks (Lair:3)
  A steam dragon (D:11)
  A hungry ghost (D:7)
  A vampire (D:11)
  3 wargs (D:11)
  A soldier ant (D:11)
  2 nagas (Lair:3)
  6 water moccasins
  8 porcupines
  Duvessa (D:5)
  An eye of draining (D:9)
  3 ice beasts
  A sky beast (D:11)
  4 orc warriors (D:11)
  2 phantoms (D:9)
  6 ogres
  2 centaurs
  12 wolves
  10 crocodiles
  3 big kobolds (D:9)
  15 bullfrogs
  Dowan (D:5)
  3 scorpions
  A water moccasin skeleton (D:7)
  12 killer bees
  5 wights (D:11)
  A howler monkey (D:8)
  5 crimson imps
  7 centaur zombies
  A bullfrog skeleton (D:8)
  7 hounds
  3 orc priests
  A bullfrog zombie (D:11)
  6 jellies
  9 orc wizards
  4 hell rats (Lair:2)
  4 iguanas
  9 worker ants
  A big kobold zombie (Ossuary)
  A hound zombie (D:7)
  2 human simulacra (D:10)
  3 mummies (Ossuary)
  A hound skeleton (D:5)
  A worker ant zombie (D:5)
  A howler monkey zombie (D:5)
  4 gnolls (D:5)
  20 adders
  3 shadow imps
  An ooze (D:1)
  2 adder skeletons
  2 adder zombies
  3 worms
  4 dart slugs
  9 leopard geckos
  31 orcs
  2 ball pythons
  5 bats
  3 giant cockroaches
  5 goblins
  5 hobgoblins
  8 jackals
  8 kobolds
  2 quokkas
  5 frilled lizards
  A leopard gecko skeleton (D:5)
  4 rats
359 creatures vanquished.

Vanquished Creatures (collateral kills)
  4 elephants (Lair:2)
4 creatures vanquished.

Vanquished Creatures (others)
  A jackal (D:11)
1 creature vanquished.

Grand Total: 364 creatures vanquished

Notes
Turn   | Place    | Note
-------+----------+-------------------------------------------
     0 | D:1      | Monkfish the Kobold Berserker began the quest for the Orb.
     0 | D:1      | Reached XP level 1. HP: 14/14 MP: 1/1
   106 | D:1      | Reached skill level 1 in Stealth
   107 | D:1      | Reached XP level 2. HP: 8/19 MP: 2/2
   322 | D:1      | Reached XP level 3. HP: 17/24 MP: 3/3
   769 | D:2      | Found a shimmering altar of Xom.
   827 | D:2      | Reached XP level 4. HP: 25/29 MP: 4/4
   860 | D:2      | Reached ** piety under Trog
   860 | D:2      | Reached skill level 2 in Stealth
  1014 | D:2      | Reached skill level 5 in Short Blades
  1221 | D:2      | Reached XP level 5. HP: 33/33 MP: 5/5
  1397 | D:3      | Found a blossoming altar of Fedhas.
  1403 | D:3      | Reached skill level 3 in Stealth
  1885 | D:4      | Reached skill level 4 in Stealth
  1952 | D:4      | Reached XP level 6. HP: 36/38 MP: 6/6
  2029 | D:4      | Reached skill level 5 in Stealth
  2201 | D:4      | Reached *** piety under Trog
  2246 | D:4      | Reached skill level 6 in Stealth
  2246 | D:4      | Reached XP level 7. HP: 36/44 MP: 7/7
  2280 | D:4      | Found a stormy altar of Qazlal.
  2455 | D:4      | Got a steaming falchion
  2621 | D:4      | Identified the cursed +2 falchion "Worm" {freeze, Fragile MR+ Str+3 Stlth+} (You found it on level 4 of the Dungeon)
  2623 | D:5      | Entered Level 5 of the Dungeon
  2704 | D:5      | Found a snail-covered altar of Cheibriados.
  2724 | D:5      | Noticed Dowan
  2726 | D:5      | Noticed Duvessa
  2740 | D:5      | Killed Duvessa
  2743 | D:5      | Reached skill level 7 in Stealth
  2752 | D:5      | Killed Dowan
  2816 | D:5      | Reached XP level 8. HP: 35/48 MP: 8/8
  2832 | D:5      | Reached skill level 8 in Stealth
  3289 | D:6      | Found a shadowy altar of Dithmenos.
  3300 | D:6      | Reached skill level 9 in Stealth
  3501 | D:6      | Found a staircase to the Ecumenical Temple.
  3533 | D:6      | Found a glowing silver altar of Zin.
  3670 | D:7      | Reached skill level 5 in Fighting
  3800 | D:7      | Found Jari Rang's Weapon Emporium.
  3906 | D:7      | Found Ahisi's General Store.
  4001 | D:7      | Found Erisaat's Armour Shop.
  4141 | D:7      | Reached skill level 10 in Stealth
  4141 | D:7      | Reached XP level 9. HP: 51/54 MP: 9/9
  4247 | D:7      | Found Vuanecs's Armour Boutique.
  4350 | D:8      | Found an ancient bone altar of Kikubaaqudgha.
  4536 | D:8      | Reached skill level 11 in Stealth
  4541 | D:8      | Reached **** piety under Trog
  4630 | D:8      | Noticed a two-headed ogre
  4644 | D:8      | Killed a two-headed ogre
  4658 | D:8      | Found a sand-covered staircase.
  4667 | Ossuary  | Entered an ossuary
  4762 | Ossuary  | Reached skill level 12 in Stealth
  4823 | D:8      | Reached skill level 5 in Dodging
  5047 | D:9      | Reached XP level 10. HP: 60/60 MP: 10/10
  5081 | D:9      | Noticed a gargoyle
  5104 | D:9      | HP: 1/90 [gargoyle/flail (8)]
  5107 | D:9      | Killed a gargoyle
  5107 | D:9      | Reached skill level 10 in Short Blades
  5107 | D:9      | Reached skill level 13 in Stealth
  5441 | D:9      | Reached skill level 14 in Stealth
  5471 | D:9      | Noticed a three-headed hydra
  5522 | D:9      | Killed a three-headed hydra
  5792 | D:9      | Reached skill level 15 in Stealth
  6015 | D:9      | Reached XP level 11. HP: 66/66 MP: 11/11
  6794 | D:10     | Entered Level 10 of the Dungeon
  6930 | D:10     | Noticed a hill giant
  6945 | D:10     | Killed a hill giant
  6964 | D:10     | Reached ***** piety under Trog
  6966 | D:10     | Noticed ilikecats's ghost (novice MiAs)
  7046 | D:10     | Killed ilikecats's ghost
  7046 | D:10     | Reached skill level 16 in Stealth
  7081 | D:10     | Noticed Snorg
  7087 | D:10     | Killed Snorg
  7138 | D:10     | Noticed Urug
  7140 | D:10     | Killed Urug
  7281 | D:10     | Noticed a white ugly thing
  7300 | D:10     | Killed a white ugly thing
  7379 | D:10     | Noticed Harold
  7398 | D:10     | Killed Harold
  7398 | D:10     | Reached skill level 17 in Stealth
  7883 | D:11     | Noticed a hill giant
  7896 | D:11     | Killed a hill giant
  7896 | D:11     | Reached XP level 12. HP: 74/74 MP: 12/12
  7985 | D:11     | Gained mutation: Your mind is acute. (Int +2) [potion of mutation]
  7985 | D:11     | Gained mutation: You have an increased reservoir of magic. (+10% MP) [potion of mutation]
  7985 | D:11     | Gained mutation: You are resistant to electric shocks. (rElec) [potion of mutation]
  7986 | D:11     | Lost mutation: Your mind is acute. (Int +2) [potion of cure mutation]
  7986 | D:11     | Lost mutation: You are resistant to electric shocks. (rElec) [potion of cure mutation]
  7986 | D:11     | Lost mutation: You have an increased reservoir of magic. (+10% MP) [potion of cure mutation]
  8012 | D:11     | Found a sparkling altar of Nemelex Xobeh.
  8128 | D:11     | Found a staircase to the Lair.
  8293 | D:11     | Found a staircase to the Orcish Mines.
  8515 | D:11     | Reached skill level 18 in Stealth
  8988 | Lair:1   | Entered Level 1 of the Lair of Beasts
  9319 | Lair:1   | Noticed a four-headed hydra
  9986 | Lair:2   | Reached skill level 19 in Stealth
 10135 | Lair:2   | Reached XP level 13. HP: 75/80 MP: 13/13
 10337 | Lair:2   | Received a gift from Trog
 10796 | Lair:3   | Noticed a four-headed hydra
 10799 | Lair:3   | Killed a four-headed hydra
 10983 | Lair:3   | Found a staircase to the Snake Pit.
 11070 | Lair:3   | Reached skill level 20 in Stealth
 11077 | Lair:3   | Reached skill level 10 in Fighting
 11240 | Lair:3   | Noticed MirrMurr's ghost (journeyman SpEn)
 11252 | Lair:3   | Killed MirrMurr's ghost
 11566 | Lair:3   | Found a staircase to the Swamp.
 11736 | Lair:4   | Noticed an eight-headed hydra
 11745 | Lair:4   | Killed an eight-headed hydra
 12397 | Lair:5   | Noticed a catoblepas
 12413 | Lair:5   | Slain by a spiny frog

Skill      XL: |  1  2  3  4  5  6  7  8  9 10 11 12 13 |
---------------+----------------------------------------+-----
Stealth        | 1 2 4 6 7 10 12 15 17 19 20 | 20.7
Fighting       | 4 5 6 8 9 10 | 10.2
Short Blades   | 5 6 7 8 9 10 12 13 | 13.7
Dodging        | 3 4 5 6 7 8 |  8.7
Armour         | |  1.5

Action                   |  1- 3 |  4- 6 |  7- 9 | 10-12 | 13-15 || total
-------------------------+-------+-------+-------+-------+-------++-------
Melee: Short sword       |    74 |   144 |   213 |   761 |   231 ||  1423
Invok: Berserk           |     1 |       |     5 |    17 |     4 ||    27
       Trog's Hand       |       |     2 |     5 |    16 |     7 ||    30
       Burn Spellbooks   |       |       |     2 |     3 |       ||     5
       Brothers in Arms  |       |       |       |     1 |       ||     1
  Use: Scroll            |       |    13 |     7 |     6 |     4 ||    30
       Potion            |       |     1 |     1 |     8 |       ||    10
 Stab: Sleeping          |     3 |    16 |    27 |    40 |    14 ||   100
       Distracted        |       |     1 |     1 |     6 |     1 ||     9
  Eat: Chunk             |     2 |    12 |     9 |    33 |    16 ||    72
       Meat ration       |       |       |       |     1 |       ||     1
       Pizza             |       |       |       |     1 |       ||     1
Armor: Animal skin       |     5 |     9 |     5 |     4 |       ||    23
       Troll leather arm |       |       |       |    45 |    13 ||    58
Dodge: Dodged            |    42 |    51 |    83 |   353 |    75 ||   604
